 Dungeon Crawl Stone Soup version 0.28.0-45-g0d030f2227 (webtiles) character file.

Game seed: 1101026358257815226

2 Faeu the Shield-Bearer (level 1, -2/19 HPs)
             Began as a Minotaur Fighter on Apr 3, 2022.
             Slain by a gnoll
             ... wielding a +2 flail of holy wrath
              (6 damage)
             ... on level 1 of the Dungeon.
             The game lasted 00:00:19 (56 turns).

Faeu the Shield-Bearer (Minotaur Fighter)             Turns: 56, Time: 00:00:19

Health: -2/19      AC:  6    Str: 20    XL:     1   Next: 25%
Magic:  0/0        EV:  9    Int:  5    God:
Gold:   11         SH:  4    Dex:  9    Spells: 0/0 levels left

rFire   . . .      SeeInvis .   a - +0 war axe {axe}
rCold   . . .      Faith    .   c - +0 buckler
rNeg    . . .      Spirit   .   b - +0 scale mail
rPois   .          Reflect  .   (helmet restricted)
rElec   .          Harm     .   (no cloak)
rCorr   .          Rampage  .   (no gloves)
Will    .....                   (no boots)
Stlth   ..........              (no amulet)
HPRegen 0.06/turn               (no ring)
MPRegen 0.07/turn               (no ring)

@: no status effects
A: horns 2, retaliatory headbutt
a: no special abilities


You were on level 1 of the Dungeon.
You visited 1 branch of the dungeon, and saw 1 of its levels.

You collected 11 gold pieces.


Innate Abilities, Weirdness & Mutations

You have a pair of horns on your head.
You reflexively headbutt those who attack you in melee.


   Skills:
 + Level 3.6 Fighting
 + Level 2.4 Axes
 + Level 0.0 Throwing
 + Level 3.6 Armour
 + Level 0.1 Dodging
 + Level 3.6 Shields


You couldn't memorise any spells.
You didn't know any spells.
Your spell library was empty.

Inventory:

Hand Weapons
 a - a +0 war axe (weapon) {axe}
Armour
 b - a +0 scale mail (worn)
 c - a +0 buckler (worn)
Potions
 d - a potion of might

Dungeon Overview and Level Annotations

Branches:
Dungeon (1/15)

Altars:

######## #..<≈≈⌠#
#...≈≈≈# #...≈≈≈#
### #.##.≈≈#
.....##### #.##..≈#
#..Kg@# ###......#
#..†#.# #.'.....⌠#
....####.###
#.#......# ... .
#...# #.#.##...# .
#.###.# #.#.##...#
#.###.#####.#......#
#...........#......#
#.....†######..>..⌠#
#.....)# ########


You could see a gnoll and a kobold.


Message History

🤖 Initializing magus.rc ...
Options error: Bad monster_list_colour key: strict_neutral (~/.crawlrc:4765) ✅ Successfully initialized magus.rc [v1.9.6] Welcome, Faeu the Minotaur Fighter.
The heart of this dungeon contains the fabled artefact, the Orb of Zot.
Press ? for a list of commands and other information.
There is a fountain of clear blue water here.
You now have 10 gold pieces.
You open the door.
There is an open door here.
A kobold comes into view. It is wielding a +0 dagger.
The kobold shouts!
The kobold moves out of view.
A rat comes into view.
You closely miss the kobold. You headbutt the kobold.
You kill the kobold!
Things that are here:
a +0 dagger {short}; a kobold corpse You see here a gold piece.
You see here a gold piece.
The rat closely misses you.
Things that are here:
a +0 dagger {short}; a kobold corpse You barely miss the rat.
You headbutt the rat.
You kill the rat!
You see here a rat corpse.
Things that are here:
a +0 dagger {short}; a kobold corpse You now have 11 gold pieces (gained 1).
A gnoll comes into view.
It is wielding a +2 flail of holy wrath.
The gnoll shouts!
A frilled lizard comes into view.
A kobold comes into view. It is wielding a +0 club.
The kobold shouts!
The frilled lizard hisses angrily.
You barely miss the gnoll. The gnoll completely misses you.
You block the gnoll's attack.
You closely miss the gnoll. You slash the frilled lizard!
You kill the frilled lizard!
A bat comes into view.
The gnoll hits you with a +2 flail of holy wrath!
The bat moves out of view. 😮 HP[-7]
You take 7 damage, and now have 12/19 hp.
MASSIVE DAMAGE!! (PAUSE)
You closely miss the gnoll. You block the gnoll's attack.
The gnoll hits you with a +2 flail of holy wrath.
* * * LOW HITPOINT WARNING * * *
😨 HP[-6]
You take 6 damage, and now have 6/19 hp.
MASSIVE DAMAGE!! (PAUSE)
You barely miss the gnoll. The gnoll hits you but does no damage.
You slash the gnoll!
The gnoll hits you with a +2 flail of holy wrath.
* * * LOW HITPOINT WARNING * * *
The gnoll hits you with a +2 flail of holy wrath.
You die...

Action                   || total
-------------------------++-------
Melee: War axe           ||     7
       Headbutt          ||     2
Armor: Scale mail        ||     1
Dodge: Dodged            ||     2
Block: Buckler           ||     2

Levels and vault maps discovered:
D:1:      amcnicky_arrival_flooded_fountain, layout_basic,
          hellmonk_ecumenical_altar_pennies_from_heaven

Notes
Turn   | Place    | Note
-------+----------+-------------------------------------------
     0 | D:1      | Faeu the Minotaur Fighter began the quest for the Orb.
     0 | D:1      | Reached XP level 1. HP: 19/19 MP: 0/0
     0 | D:1      | magus.rc [v1.9.6]
    56 | D:1      | HP: 4/19 [gnoll/+2 flail of holy wrath (2)]
    56 | D:1      | Slain by a gnoll

Vanquished Creatures
  A frilled lizard (D:1)
  A kobold (D:1)
  A rat (D:1)
3 creatures vanquished.

Table legend:
 A = Non-vault XP
 B = Vault XP
 C = Vault XP percentage of total XP
 D = Non-vault monster count
 E = Vault monster count
 F = Vault count percentage of total count
                 A         B        C        D         E       F
            +---------+---------+-------+---------+---------+-------
      Total |       3 |       0 |   0.0 |       3 |       0 |   0.0
            +---------+---------+-------+---------+---------+-------
        D:1 |       3 |       0 |   0.0 |       3 |       0 |   0.0
            +---------+---------+-------+---------+---------+-------

Illustrated notes

Table legend:
 A = Kills in this place as a percentage of kills in entire the game.
 B = Kills by you in this place as a percentage of kills by you in the entire game.
 C = Kills by friends in this place as a percentage of kills by friends in the entire game.
 D = Other kills in this place as a percentage of other kills in the entire game.
 E = Experience gained in this place as a percentage of experience gained in the entire game.
 F = Experience gained in this place divided by the number of levels of this place that you have seen.
                   A       B       C       D       E      F
               +-------+-------+-------+-------+-------+----------------------
         Total | 100.0 | 100.0 |   N/A |   N/A | 100.0 |   3.0
       Dungeon | 100.0 | 100.0 |   N/A |   N/A | 100.0 |   3.0
               +-------+-------+-------+-------+-------+----------------------

Table legend: (Time is in decaauts)
 A = Elapsed time spent in this place.
 B = Non-inter-level travel time spent in this place.
 C = Inter-level travel time spent in this place.
 D = Time resting spent in this place.
 E = Time spent auto-exploring this place.
 F = Levels seen in this place.
 G = Mean time per level.
                   A        B        C        D        E       F      G
               +--------+--------+--------+--------+--------+-----+--------+
         Total |     58 |     58 |      0 |      0 |     35 |   1 |   58.0 |
       Dungeon |     58 |     58 |      0 |      0 |     35 |   1 |   58.0 |
               +--------+--------+--------+--------+--------+-----+--------+

Top non-repeatable levels by time:
     D:1: 58 daAuts
